 Dungeon Crawl Stone Soup version 0.29-a0-551-gffc1d7fb78 (webtiles) character file.

Game seed: 16353207154530286059

373 xian the Slasher (level 6, -7/69 HPs)
             Began as a Demonspawn Gladiator on June 5, 2022.
             Was an Initiate of Gozag.
             Killed from afar by Blork the orc (9 damage)
             ... with a puff of flame
             ... on level 4 of the Dungeon.
             The game lasted 00:13:57 (3050 turns).

xian the Slasher (Demonspawn Gladiator)             Turns: 3050, Time: 00:14:00

Health: -7/69      AC: 31    Str: 17    XL:     6   Next: 43%
Magic:  6/6        EV:  2    Int:  9    God:    Gozag
Gold:   144        SH:  0    Dex: 16    Spells: 5/5 levels left

rFire   . . .      SeeInvis +   f - +2 dagger (venom)
rCold   . . .      Faith    .   (no shield)
rNeg    . . .      Spirit   .   (body armour currently unavailable)
rPois   +          Reflect  .   (helmet currently unavailable)
rElec   .          Harm     .   (cloak currently unavailable)
rCorr   .          Rampage  .   (gloves currently unavailable)
Will    .....      NoTele   +   (boots currently unavailable)
Stlth   +++.......              (no amulet)
HPRegen 0.21/turn               i - ring of the Tortoise {AC+8}
MPRegen 0.10/turn               n - ring of see invisible

@: tree-form
A: stationary, stasis, torment immunity, boosted hp, (hooves 1), thin skeletal
structure 1, demonic guardian 1
a: Renounce Religion, Potion Petition, Call Merchant, Bribe Branch


You were on level 4 of the Dungeon.
You worshipped Gozag.
Gozag was aware of your devotion.
You were a tree.
You visited 2 branches of the dungeon, and saw 5 of its levels.

You collected 231 gold pieces.
You paid 87 gold pieces to Gozag.

Inventory:

Hand Weapons
 a - a +0 long sword
 f - a +2 dagger of venom (weapon)
Missiles
 d - 2 throwing nets (quivered)
 e - a javelin
Armour
 b - a +0 leather armour (melded)
 c - a +0 helmet (melded)
 r - a +0 cloak (melded)
 s - a +0 pair of boots (melded)
Jewellery
 i - the ring of the Tortoise (left branch) {AC+8}
   (You found it on level 3 of the Dungeon)

   [ring of protection]

   AC:        It affects your AC (+8).
 m - a ring of wizardry
 n - a ring of see invisible (right branch)
 o - a +6 ring of dexterity
Scrolls
 g - a scroll of blinking {unknown}
 l - a scroll of teleportation
 p - 4 scrolls of fear {unknown}
 q - a scroll of enchant armour
Potions
 h - a potion of flight {unknown}
 j - a potion of lignification
 k - a potion of invisibility {unknown}


   Skills:
 + Level 2.9 Fighting
 + Level 2.8(3.7) Short Blades
 + Level 3.7(4.2) Long Blades
 + Level 1.9 Throwing
 + Level 2.6 Armour
 + Level 3.4 Dodging
 + Level 1.2 Stealth


You had 5 spell levels left.
You didn't know any spells.
Your spell library contained the following spells:

 Spells                   Type           Power      Damage    Failure   Level
 Poisonous Vapours        Pois/Air       0%         N/A       52%         2
 Summon Ice Beast         Ice/Summ       0%         N/A       99%         4
 Summon Mana Viper        Hex/Summ       0%         N/A       100%        5
 Monstrous Menagerie      Summ           0%         N/A       100%        7
 Corpse Rot               Necr/Pois/Air  Unusable   N/A       N/A         4

Dungeon Overview and Level Annotations

Branches:
Dungeon (4/15)             Temple (1/1) D:4

Altars:
Ashenzari
Cheibriados
Fedhas
Gozag
Hepliaklqana
Kikubaaqudgha
Okawaru
Qazlal
Ru
Sif Muna
Trog
Uskayaw
Vehumet
Wu Jian
Yredelemnul
The Shining One

Annotations:
D:4 Blork the orc


Innate Abilities, Weirdness & Mutations

You are a tree.
Your roots penetrate the ground, keeping you stationary.
You cannot be teleported.
You are immune to unholy pain and torment.
Your maximum health is greatly increased.
Your equipment is partially melded.
((You have large cloven feet.))
You have a somewhat thin skeletal structure. (Dex +2, Stealth+)
A weak demonic guardian rushes to your aid.


Message History

Blork the orc barely misses you.
Your iron imp hits Blork the orc.
You hit Blork the orc.
Blork the orc is poisoned.
Blork the orc is lightly wounded.
Blork the orc hits you with a +0 glaive.
* * * LOW HITPOINT WARNING * * *
You hit Blork the orc.
Blork the orc looks as sick as possible!
Blork the orc is moderately wounded.
Blork the orc is distracted by your dazzling golden aura.
Your iron imp barely misses Blork the orc.
Blork the orc shouts!
You hit Blork the orc but do no damage.
Blork the orc looks as sick as possible!
Blork the orc is no longer distracted by gold.
Blork the orc is heavily wounded.
Blork the orc hits you with a +0 glaive.
* * * LOW HITPOINT WARNING * * *
Your iron imp barely misses Blork the orc.
It was a potion of lignification.
You turn into a tree.
Your +0 cloak melds into your body.
Your +0 helmet melds into your body.
Your +0 pair of boots melds into your body.
Your +0 leather armour melds into your body.
Your roots penetrate the ground.
Blork the orc hits you but does no damage.
Your iron imp hits Blork the orc!
You hit Blork the orc.
Blork the orc looks as sick as possible!
Blork the orc is almost dead.
Blork the orc hits you with a +0 glaive!
* * * LOW HITPOINT WARNING * * *
Blork the orc is distracted by your dazzling golden aura.
You barely miss Blork the orc.
Blork the orc is no longer distracted by gold.
Blork the orc shouts!
Blork the orc is almost dead.
Your iron imp hits Blork the orc but does no damage.
Blork the orc points at you and mumbles some strange words.
The puff of flame hits you!
You die...
Your body crumbles into a pile of gold.

##.### ##.................. #.#
#......)............ #.#
#................... #.#
##...##...#####...##
#.##########....##...##.##...##
#..........#...$.+.......#.....
####..........5$.#.......#.....
#......<.#.o..#....[..#.....
######........#.♣..#.......#.....
.............##...##.....###...##
###.##.......#######.....# #...
.............# #...........
...#######'.## #..........
..####⌠.⌠.#.# .##.##....#.#
.8...#._..#.# ## .....#....#.#
..#


You could see Blork the orc (fast, extremely poisoned, ally target) and a
friendly iron imp (summoned).

Vanquished Creatures
  Eustachio (D:4)
  Natasha (thrice) (D:3)
  7 adders
  2 gnolls (D:1)
  2 worms
  3 orcs
  7 endoplasms
  2 giant cockroaches
  10 goblins
  6 hobgoblins
  8 jackals
  5 kobolds
  2 quokkas
  7 ball pythons
  2 bats
  3 frilled lizards
  4 rats
74 creatures vanquished.

Vanquished Creatures (others)
  4 plants (D:4)
4 creatures vanquished.

Grand Total: 78 creatures vanquished

Notes
Turn   | Place    | Note
-------+----------+-------------------------------------------
     0 | D:1      | xian the Demonspawn Gladiator began the quest for the Orb.
     0 | D:1      | Reached XP level 1. HP: 16/16 MP: 1/1
    62 | D:1      | Gained mutation: You have large cloven feet. [demonic
                  | ancestry]
    62 | D:1      | Reached XP level 2. HP: 3/22 MP: 2/2
   705 | D:1      | Reached XP level 3. HP: 26/27 MP: 3/3
  1254 | D:2      | Found a faded altar of an unknown god.
  1466 | D:2      | Reached XP level 4. HP: 34/34 MP: 4/4
  1950 | D:3      | Found the ring of the Tortoise {AC+8}
  1993 | D:3      | Reached skill level 1 in Short Blades
  2041 | D:3      | Found a stormy altar of Qazlal.
  2043 | D:3      | Noticed an air elemental
  2044 | D:3      | Noticed an earth elemental
  2044 | D:3      | Noticed a water elemental
  2044 | D:3      | Noticed a fire elemental
  2050 | D:3      | Noticed Natasha
  2085 | D:3      | Killed Natasha
  2086 | D:3      | Reached skill level 1 in Armour
  2312 | D:3      | Noticed Natasha
  2319 | D:3      | Killed Natasha
  2320 | D:3      | Gained mutation: You have a somewhat thin skeletal
                  | structure. (Dex +2, Stealth+) [demonic ancestry]
  2320 | D:3      | Reached XP level 5. HP: 38/39 MP: 5/5
  2569 | D:3      | Noticed Natasha
  2581 | D:3      | Killed Natasha
  2706 | D:4      | Found a snail-covered altar of Cheibriados.
  2706 | D:4      | Found a hazy altar of Hepliaklqana.
  2755 | D:4      | Noticed Eustachio
  2771 | D:4      | Killed Eustachio
  2772 | D:4      | Reached skill level 1 in Stealth
  2772 | D:4      | Gained mutation: A weak demonic guardian rushes to your
                  | aid. [demonic ancestry]
  2772 | D:4      | Reached XP level 6. HP: 46/46 MP: 6/6
  2846 | D:4      | Found a staircase to the Ecumenical Temple.
  2860 | Temple   | Entered the Ecumenical Temple
  2897 | Temple   | Became a worshipper of Gozag Ym Sagoz the Greedy
  2995 | D:4      | Noticed Blork the orc
  3049 | D:4      | HP: 2/69 [Blork the orc/+0 glaive (7)]
  3050 | D:4      | Killed from afar by Blork the orc

Illustrated notes

Levels and vault maps discovered:
D:1:      lemuel_arrival_room, layout_basic
D:2:      layout_rooms, chequers_ecumenical_altar_simple_redux
D:3:      layout_rooms, nicolae_qazlal_style_of_elements, uniq_natasha
D:4:      kennysheep_kobold_camp, layout_gridville, makhleb_altar_promises_db,
          jmf_multi_god_temple, minmay_temple_entry_fiery,
          kennysheep_generic_room_14, uniq_blork_the_orc, uniq_eustachio
Temple:   cyrus_circular_temple

Skill      XL: |  1  2  3  4  5 |
---------------+----------------+-----
Long Blades    | 3 |  3.7
Dodging        | 3 |  3.4
Short Blades   | 1 2 |  2.8
Armour         | 1 2 |  2.6
Stealth        | 1 |  1.2
Fighting       | |  2.9
Throwing       | |  1.9

Action                   |  1- 3 |  4- 6 || total
-------------------------+-------+-------++-------
Melee: Long sword        |    34 |       ||    34
       Kick              |    15 |    16 ||    31
       Dagger            |    57 |   142 ||   199
       Punch             |       |     3 ||     3
Throw: Throwing net      |     1 |       ||     1
  Use: Scroll            |     3 |     1 ||     4
       Potion            |       |     2 ||     2
 Stab: Sleeping          |       |     3 ||     3
Armor: Leather armour    |    16 |    70 ||    86
       Skin              |       |     1 ||     1
Dodge: Dodged            |    67 |    87 ||   154

Table legend: (Time is in decaauts)
 A = Elapsed time spent in this place.
 B = Non-inter-level travel time spent in this place.
 C = Inter-level travel time spent in this place.
 D = Time resting spent in this place.
 E = Time spent auto-exploring this place.
 F = Levels seen in this place.
 G = Mean time per level.
                   A        B        C        D        E       F      G
               +--------+--------+--------+--------+--------+-----+--------+
         Total |   3048 |   2932 |    116 |      0 |   1910 |   5 |  609.6 |
       Dungeon |   2996 |   2895 |    101 |      0 |   1884 |   4 |  749.0 |
        Temple |     52 |     37 |     15 |      0 |     26 |   1 |   52.0 |
               +--------+--------+--------+--------+--------+-----+--------+

Top non-repeatable levels by time:
     D:1: 1234 daAuts
     D:3: 744 daAuts
     D:2: 713 daAuts
     D:4: 304 daAuts
  Temple: 52 daAuts
